 Dungeon Crawl Stone Soup version 0.18-a0-1805-g8ab820f (webtiles) character file.

359 MovingMist the Skirmisher (level 6, 0/40 HPs)
             Began as a Gargoyle Fighter on Apr 26, 2016.
             Slain by a killer bee (6 damage)
             ... on level 4 of the Dungeon on Apr 27, 2016.
             The game lasted 00:07:29 (2662 turns).

MovingMist the Skirmisher (Gargoyle Fighter)        Turns: 2662, Time: 00:07:29

Health: 0/40       AC: 18    Str: 19    XL:     6   Next: 65%
Magic:  6/6        EV:  8    Int:  9    God:
Gold:   184        SH:  9    Dex: 11    Spells: 0 memorised, 5 levels left

rFire  + . .     SeeInvis .     a - +2 flail
rCold  x . .     Gourm    .     b - +0 scale mail
rNeg   + . .     Faith    .     c - +0 shield
rPois  ∞         Spirit   .     i - +1 hat
rElec  +         Dismiss  .     (no cloak)
rCorr  .         Reflect  .     (no gloves)
SustAt .         Harm     .     u - +0 pair of boots
MR     .....                    (no amulet)
Stlth  ..........               o - +5 ring of protection
                                g - ring of fire

@: not resistant to hostile enchantments, extremely unstealthy
A: negative energy resistance 1, electricity resistance, unbreathing,
petrification resistance, rot immunity, AC +4
a: no special abilities


You were on level 4 of the Dungeon.
You were not hungry.

You visited 1 branch of the dungeon, and saw 4 of its levels.

You collected 184 gold pieces.

Inventory:

Hand Weapons
 a - a +2 flail (weapon)
Missiles
 h - 8 javelins (quivered)
Armour
 b - a +0 scale mail (worn)
 c - a +0 shield (worn)
 i - a +1 hat (worn)
 u - a +0 pair of boots (worn)
Jewellery
 g - a ring of fire (left hand)
 o - a +5 ring of protection (right hand)
Wands
 v - a wand of disintegration (12/24)
 w - a wand of random effects (23/48)
Scrolls
 l - 3 scrolls of remove curse
Potions
 d - a potion of might
 e - 3 potions of heal wounds
 j - 2 potions of brilliance {unknown}
 k - a potion of lignification {unknown}
 p - 2 potions of resistance {unknown}
 q - a potion of degeneration {unknown}
 s - a potion of curing {unknown}
Books
 n - a Grand Grimoire

   Spells                             Type                      Level
   a - Monstrous Menagerie            Summoning                    7
   b - Summon Greater Demon           Summoning                    7
   c - Malign Gateway                 Summoning/Translocation      7
   d - Summon Horrible Things         Summoning                    8
Comestibles
 f - 3 bread rations
 m - 3 chunks of flesh
 r - 3 beef jerkies
 t - 2 meat rations


   Skills:
 + Level 5.1 Fighting
 + Level 3.6 Maces & Flails
 - Level 3.2 Armour
 + Level 2.4 Dodging
 + Level 4.7 Shields


You had 5 spell levels left.
You didn't know any spells.

Dungeon Overview and Level Annotations

Branches:
Dungeon (4/15)
 Temple: D:4-7

Altars:
Ashenzari
Ru
Xom

Annotations:
D:3 feelmyfire's ghost, amateur MiFi
D:4 UnknownArtist's ghost, weakling CeFi


Innate Abilities, Weirdness & Mutations

You are resistant to torment.
Your stone body is resilient (AC +4).
You are immune to poison.
You resist negative energy.
You are resistant to electric shocks.
You can survive without breathing.
You are immune to petrification.
You are immune to rotting.


Message History

The killer bee stings you but does no damage.
You hit the killer bee.
The killer bee is moderately wounded.
The killer bee stings you but does no damage. x2
The killer bee stings you.
* * * LOW HITPOINT WARNING * * *
You barely miss the killer bee.
The killer bee is moderately wounded.
The killer bee barely misses you.
The killer bee stings you but does no damage.
The killer bee barely misses you.
You miss the killer bee.
The killer bee is moderately wounded.
The killer bee barely misses you. The killer bee stings you.
* * * LOW HITPOINT WARNING * * *
You hit the killer bee.
The killer bee is heavily wounded.
The killer bee stings you but does no damage. x2
The killer bee stings you.
You die...

#.####...######.. . #...#
#...# #...## #....#
#.W.#.....# ##y###.##.#
###########y## #.#
......#...@## ##..
........###.# #.#.# ###
#.####...# #.# ..... ..# #.
#.....# #.# #.# #.#
#.##.#..## #.##.# #.#
#.......# ######.# #<#
#...<÷..#####......#####.##
####.#####.......##.......#
#.#####.......##.####..#


You could see 2 killer bees and UnknownArtist's ghost.

Vanquished Creatures
  An ice beast (D:3)
  3 killer bees (D:4)
  A worker ant (D:4)
  3 adders
  4 gnolls (D:3)
  3 worms
  A dart slug (D:2)
  3 giant geckos
  2 giant cockroaches (D:3)
  4 goblins
  9 hobgoblins
  2 quokkas (D:3)
  2 ball pythons
  4 bats (D:2)
  2 giant newts
  4 kobolds
  4 rats
52 creatures vanquished.

Notes
Turn   | Place    | Note
--------------------------------------------------------------
     0 | D:1      | MovingMist the Gargoyle Fighter began the quest for the Orb.
     0 | D:1      | Reached XP level 1. HP: 14/14 MP: 1/1
   174 | D:1      | Reached XP level 2. HP: 19/19 MP: 2/2
   568 | D:2      | Found a shattered altar of Ashenzari.
   622 | D:2      | Found a sacrificial altar of Ru.
   735 | D:2      | Reached XP level 3. HP: 24/24 MP: 3/3
   968 | D:2      | Reached skill level 1 in Dodging
  1137 | D:3      | Reached skill level 4 in Fighting
  1164 | D:3      | Reached XP level 4. HP: 29/29 MP: 4/4
  1831 | D:3      | Noticed feelmyfire's ghost (amateur MiFi)
  2232 | D:3      | Noticed an ice beast
  2246 | D:3      | Killed an ice beast
  2246 | D:3      | Reached XP level 5. HP: 34/34 MP: 5/5
  2527 | D:4      | Found a shimmering altar of Xom.
  2567 | D:4      | Reached XP level 6. HP: 36/40 MP: 6/6
  2599 | D:4      | Noticed UnknownArtist's ghost (weakling CeFi)
  2644 | D:4      | Reached skill level 5 in Fighting
  2662 | D:4      | Slain by a killer bee

Vault maps used:
D:1:      saegor_arrival_simple_c, bh_walls_and_bars
D:2:      nicolae_ru_the_path_less_chosen, evilmike_ruin_ashenzari
D:3:      first_bread, lightli_corner_chamber
D:4:      xom_butterflies, minmay_temple_entry_butterflies, uniq_menkaure

Skill      XL: |  1  2  3  4  5  6 |
---------------+-------------------+-----
Dodging        | 1 2 |  2.4
Fighting       | 4 5 |  5.1
Shields        | 4 |  4.7
Maces & Flails | 3 |  3.6
Armour         | |  3.2

Action                   |  1- 3 |  4- 6 || total
-------------------------+-------+-------++-------
Melee: Flail             |    91 |   124 ||   215
  Use: Scroll            |     6 |     4 ||    10
  Eat: Chunk             |     1 |     3 ||     4
       Pizza             |       |     1 ||     1
Armor: Scale mail        |    35 |   112 ||   147
Dodge: Dodged            |    30 |    67 ||    97
Block: Shield            |    38 |    75 ||   113
